 Dungeon Crawl Stone Soup version 0.28-b1-25-g9875b3fc8c (webtiles) character file.

Game seed: 13889578010669802043

106 crazypyro the Shield-Bearer (level 4, -6/40 HPs)
             Began as a Minotaur Fighter on Feb 2, 2022.
             Killed by divine providence
             ... invoked by an orc priest
              (11 damage)
             ... on level 3 of the Dungeon.
             The game lasted 00:02:10 (1670 turns).

crazypyro the Shield-Bearer (Minotaur Fighter)      Turns: 1670, Time: 00:02:11

Health: -6/40      AC:  9    Str: 21 (22) XL:     4   Next: 55%
Magic:  3/3        EV: 10    Int:  4 (5)  God:
Gold:   63         SH:  5    Dex: 15 (16) Spells: 3/3 levels left

rFire   . . .      SeeInvis .   a - +0 flail (flame)
rCold   . . .      Faith    .   c - +0 buckler
rNeg    . . .      Spirit   .   b - +0 scale mail
rPois   .          Reflect  .   (helmet restricted)
rElec   .          Harm     .   (no cloak)
rCorr   .          Rampage  .   g - +0 pair of gloves
Will    .....                   l - +0 pair of boots
Stlth   ..........              (no amulet)
HPRegen 0.13/turn               h - +6 ring of dexterity
MPRegen 0.08/turn               (no ring)

@: no status effects
A: horns 2, retaliatory headbutt
a: no special abilities


You were on level 3 of the Dungeon.
You visited 1 branch of the dungeon, and saw 3 of its levels.

You collected 63 gold pieces.

Inventory:

Hand Weapons
 a - a +0 flail of flaming (weapon)
Armour
 b - a +0 scale mail (worn)
 c - a +0 buckler (worn)
 g - a +0 pair of gloves (worn)
 l - a +0 pair of boots (worn)
Jewellery
 h - a +6 ring of dexterity (left hand)
 i - a ring of fire
Scrolls
 e - a scroll of identify
 f - a scroll of brand weapon
 k - a scroll of enchant armour
Potions
 d - a potion of might


   Skills:
 + Level 4.2 Fighting
 * Level 3.9 Maces & Flails
 + Level 4.2 Armour
 + Level 1.6 Dodging
 + Level 4.2 Shields


You had 3 spell levels left.
You didn't know any spells.
Your spell library was empty.

Dungeon Overview and Level Annotations

Branches:
Dungeon (3/15)

Altars:


Innate Abilities, Weirdness & Mutations

You have a pair of horns on your head.
You reflexively headbutt those who attack you in melee.


Message History

The orc hits you with a +4 dagger. The orc barely misses you.
You furiously retaliate!
You headbutt the orc. The endoplasm closely misses you.
A jackal comes into view.
An orc comes into view. It is wielding a +0 hand axe.
The orc priest invokes the aid of Beogh against you.
Beogh smites you! The orc hits you with a +4 dagger.
* * * LOW HITPOINT WARNING * * *
You block the orc's attack.
The jackal barks!
The orc shouts!
You sock the orc! You burn the orc.
You kill the orc!
You hear a bark!
A jackal comes into view.
You block the endoplasm's attack. You block the orc's attack.
The endoplasm hits you but does no damage.
The jackal moves out of view.
The orc hits you with a +4 dagger!
* * * LOW HITPOINT WARNING * * *
A jackal comes into view.
Things that are here:
a +0 hand axe; a +0 leather armour The orc priest casts a cantrip, but nothing happens.
You barely miss the orc priest.
You headbutt the orc priest, but do no damage.
The orc priest hits you but does no damage.
You closely miss the orc priest. You headbutt the orc priest!
The orc priest is heavily wounded.
The orc priest hits you but does no damage.
The orc priest hits you with a +0 flail.
* * * LOW HITPOINT WARNING * * *
You hit the orc priest. You burn the orc priest.
The orc priest is severely wounded.
The orc priest casts a cantrip, but nothing happens.
You barely miss the orc priest.
The orc priest is severely wounded.
The orc priest mumbles some strange prayers to Beogh against you.
Beogh smites you!
You die...

#... ........# # #..h
#######..### #h.†##
#...........
#.o..####.#####..###
#.##h#).......###..###
#...ooJ.............#.
#####o######.######.#.
#o# #)# #.#. #@# #.#
#... #.# #.# #..# #.#
#.# #..# #.######.#
#..# #.......†# #).#
#######..# #..#
#...######..#
#...........#
#...#######.#


You could see an orc priest, 4 orcs, an endoplasm and 2 jackals.

Vanquished Creatures
  3 gnolls (D:2)
  3 adders
  2 dart slugs
  An orc (D:3)
  2 ball pythons (D:1)
  7 endoplasms
  3 giant cockroaches
  2 goblins
  5 hobgoblins
  7 kobolds
  2 quokkas (D:2)
  A bat (D:2)
  4 frilled lizards
  4 rats
46 creatures vanquished.

Notes
Turn   | Place    | Note
-------+----------+-------------------------------------------
     0 | D:1      | crazypyro the Minotaur Fighter began the quest for the Orb.
     0 | D:1      | Reached XP level 1. HP: 19/19 MP: 0/0
   206 | D:1      | Reached XP level 2. HP: 27/27 MP: 1/1
   577 | D:2      | Reached XP level 3. HP: 30/33 MP: 2/2
   589 | D:2      | Reached skill level 1 in Dodging
   820 | D:2      | Identified the +0 short sword "Ciujofru" {flame, rF+}
   903 | D:2      | Reached XP level 4. HP: 39/40 MP: 3/3
  1014 | D:2      | Found a faded altar of an unknown god.
  1670 | D:3      | Killed from afar by an orc priest

Illustrated notes

Levels and vault maps discovered:
D:1:      ebering_hopf_link, layout_rooms, minmay_split_cup_large
D:2:      layout_loops_ring, ebering_ecumenical_altar_mist
D:3:      layout_loops_ring, grunt_ministairs_6, uniq_jessica, uniq_sigmund,
          uniq_robin

Skill      XL: |  1  2  3 |
---------------+----------+-----
Maces & Flails | 3 |  3.9
Shields        | 4 |  4.2
Fighting       | 4 |  4.2
Armour         | 4 |  4.2
Dodging        | 1 |  1.6

Action                   |  1- 3 |  4- 6 || total
-------------------------+-------+-------++-------
Melee: Flail             |    71 |    31 ||   102
       Headbutt          |     8 |     6 ||    14
  Use: Potion            |     1 |     2 ||     3
       Scroll            |     6 |       ||     6
Armor: Scale mail        |    32 |    10 ||    42
Dodge: Dodged            |    30 |    14 ||    44
Block: Buckler           |    25 |    10 ||    35
